Map: New Repugnancy LE

Players

Kelazhur - Winner!

  • Race: Terran Terran
  • Spawn Location: 1:00

Rail

  • Race: Protoss Protoss
  • Spawn Location: 7:00

Event: IEM Season 13: Katowice (2019)

VOD

Have the link to the VOD?

Description

Time

  • Played on: Feb. 26, 2019, 6:20 a.m.
  • Length: 10:58

All games in this series

Show
View Real Time Build Order
Export as new Build Order

Kelazhur Terran - Winner!

Build Orders: Reaper Expand 

Get SALT Encoding   

  12  0:00  SCV  
  13  0:12  SCV  
  14  0:17  Supply Depot  
  14  0:25  SCV  
  15  0:38  SCV  
  15  0:41  Barracks  
  16  0:43  Refinery  
  16  0:50  SCV  
  17  1:02  SCV  
  18  1:15  SCV  
  19  1:28  Reaper, Orbital Command  
  20  1:42  Command Center  
  20  1:51  Supply Depot  
  20  1:53  SCV  
  21  1:58  Refinery  
  21  2:00  Barracks Reactor  
  21  2:06  SCV  
  22  2:18  SCV  
  22  2:22  Factory  
  23  2:30  SCV  
  23  2:31  Supply Depot  
  24  2:39  Marine x2  
  24  2:42  SCV  
  26  2:54  SCV  
  26  2:57  Marine x2  
  28  3:07  SCV  
  28  3:09  Starport, Factory Tech Lab  
  29  3:14  Marine  
  29  3:15  Marine  
  29  3:19  SCV  
  31  3:26  Orbital Command  
  31  3:30  Cyclone  
  31  3:31  SCV  
  31  3:32  Marine x2  
  37  3:43  SCV  
  38  3:49  Viking  
  38  3:51  SCV  
  38  3:52  Marine  
  38  3:53  Marine  
  43  3:56  SCV  
  43  3:59  Barracks  
  47  4:02  Siege Tank  
  47  4:06  SCV  
  48  4:12  Supply Depot, Marine x2  
  48  4:15  SCV  
  51  4:18  SCV  
  46  4:33  SCV  
  46  4:36  Siege Tank  
  42  4:39  Viking  
  42  4:40  Marine x2  
  42  4:41  SCV  
  42  4:45  SCV, Marine  
  47  4:53  SCV  
  47  4:56  Bunker  
  47  4:57  SCV  
  47  4:58  Marine x2  
  51  5:00  Barracks  
  51  5:05  SCV  
  50  5:10  Viking  
  52  5:17  SCV x2, Marine  
  52  5:18  Marine  
  55  5:24  Marine  
  55  5:25  Stimpack  
  55  5:26  Factory Tech Lab  
  56  5:31  SCV  
  56  5:32  Refinery  
  56  5:33  Engineering Bay  
  56  5:34  Supply Depot  
  57  5:35  Marine x2  
  57  5:42  SCV  
  60  5:46  SCV  
  60  5:48  Supply Depot  
  61  5:54  SCV  
  61  5:55  Factory Reactor, Marine x2  
  61  5:56  Marauder  
  63  5:58  SCV  
  64  6:06  SCV  
  64  6:07  Marauder, Combat Shield  
  64  6:08  Starport Reactor  
  64  6:10  SCV  
  66  6:12  Terran Infantry Weapons Level 1  
  66  6:16  Refinery, Marine  
  66  6:17  Supply Depot, Marine  
  68  6:21  Marauder  
  70  6:26  SCV x2  
  70  6:29  Marauder  
  74  6:34  Marine x2  
  74  6:36  Widow Mine, Supply Depot  
  74  6:39  Widow Mine  
  80  6:42  Marauder  
  80  6:45  Medivac x2  
  86  6:48  Supply Depot  
  86  6:57  Marine x2  
  86  6:58  Marauder, Supply Depot  
  86  7:00  Widow Mine x2  
  94  7:11  Marauder  
  95  7:17  Command Center, Medivac  
  95  7:19  Marauder, Medivac  
  95  7:22  Marine x2  
  103  7:33  Concussive Shells, Supply Depot  
  103  7:34  Marauder  
  105  7:39  Marine  
  105  7:40  Marine  
  105  7:41  Supply Depot  
  105  7:43  Marauder  
  108  7:56  Marauder  
  110  8:04  Marauder  
  108  8:06  Marine  
  108  8:10  SCV x2  
  108  8:11  Terran Infantry Armor Level 1  
  108  8:12  Medivac x2  
  115  8:18  Marauder, Barracks  
  117  8:21  Barracks  
  117  8:22  Marine  
  117  8:24  Marine  
  117  8:25  Marauder  
  115  8:40  Marine  
  116  8:41  Marauder  
  116  8:42  Medivac x2, Marine  
  116  8:47  Marauder  
  122  9:02  Marauder  
  106  9:05  SCV  
  106  9:07  Marine x3  
  106  9:08  Marauder, SCV  
  111  9:12  Medivac x2  
  111  9:15  Marine  
  111  9:17  SCV  
  111  9:24  Marauder, Marine x2  
  107  9:27  Marine  
  107  9:28  SCV  
  107  9:29  Orbital Command, SCV  
  107  9:30  Marauder  
  105  9:33  Marine  
  105  9:41  Armory  
  105  9:42  Marine  
  105  9:45  Viking x2  
  106  9:51  Barracks Tech Lab  
  108  9:55  Marauder x2, Marine  
  113  10:00  Marine  
  113  10:01  Orbital Command  
  113  10:06  Marine x2  
  116  10:14  Marauder  
  116  10:15  Viking x2  
  116  10:16  Marauder  
  116  10:18  Marine  
  116  10:19  Marauder  
  127  10:25  Supply Depot  
  127  10:26  Orbital Command, Marine x2  
  129  10:36  Marauder, Marine x2  
  129  10:39  Marine  
Show
View Real Time Build Order
Export as new Build Order

Rail Protoss 

Build Orders: 1 Gate Expand, Oracle Opening 

Get SALT Encoding   

  12  0:00  Probe  
  13  0:14  Pylon  
  13  0:17  Probe  
  14  0:31  Probe  
  14  0:33  Gateway  
  15  0:39  Probe  
  15  0:46  Assimilator  
  15  0:48  Probe  
  17  1:01  Probe  
  18  1:13  Probe  
  19  1:20  Cybernetics Core  
  19  1:25  Probe  
  20  1:35  Nexus  
  20  1:40  Assimilator  
  20  1:46  Adept, Pylon  
  20  1:49  Probe  
  21  1:59  Warp Gate  
  23  2:04  Probe  
  23  2:06  Stalker  
  24  2:17  Probe  
  27  2:29  Probe  
  28  2:30  Stalker  
  30  2:41  Probe  
  30  2:47  Probe  
  31  2:53  Probe  
  31  2:54  Stargate  
  32  2:59  Probe  
  32  3:05  Probe  
  34  3:07  Stalker  
  36  3:15  Probe  
  37  3:23  Gateway  
  37  3:25  Gateway  
  37  3:28  Probe, Oracle  
  41  3:45  Probe  
  41  3:47  Stalker  
  44  3:53  Probe  
  45  3:56  Pylon  
  45  3:58  Probe  
  46  4:14  Stalker, Probe x2  
  50  4:17  Stalker  
  50  4:19  Stalker  
  46  4:39  Stalker  
  46  4:40  Probe  
  46  4:42  Stalker  
  46  4:45  Probe  
  52  4:47  Assimilator  
  52  4:48  Stalker  
  52  4:51  Pylon, Assimilator  
  54  4:54  Twilight Council  
  54  4:59  Pylon  
  54  5:04  Probe x2  
  52  5:11  Robotics Facility  
  52  5:12  Probe x2  
  52  5:20  Probe x2  
  54  5:21  Pylon, Charge  
  54  5:27  Forge  
  56  5:31  Probe  
  56  5:33  Pylon  
  57  5:48  Gateway  
  57  5:53  Protoss Ground Weapons Level 1  
  57  6:00  Immortal  
  57  6:06  Gateway x2  
  57  6:07  Sentry, Zealot  
  57  6:08  Gateway, Zealot  
  67  6:12  Robotics Bay  
  67  6:15  Pylon  
  67  6:19  Pylon  
  67  6:22  Probe x2  
  69  6:32  Pylon  
  69  6:34  Pylon  
  69  6:41  Nexus  
  69  6:42  Colossus  
  69  6:43  Sentry  
  71  7:00  Extended Thermal Lance  
  77  7:01  Zealot  
  77  7:02  Zealot  
  77  7:04  Blink  
  81  7:24  Colossus  
  81  7:28  Pylon  
  87  7:38  Protoss Ground Armor Level 1  
  87  7:41  Pylon  
  87  7:45  Zealot x2  
  87  7:46  Zealot x4  
  91  7:59  Probe x2  
  86  8:07  Stalker x2  
  86  8:10  Stalker x2  
  94  8:19  Probe  
  95  8:26  Zealot x2, Stalker  
  97  8:35  Stalker  
  97  8:36  Stalker  
  97  8:37  Probe  
  97  8:40  Stalker  
  95  8:41  Zealot  
  95  8:47  Stalker  
  93  8:54  Sentry, Stalker  
  83  9:04  Zealot x3  
  83  9:06  Probe  
  84  9:15  Zealot, Stalker  
  74  9:25  Zealot x2, Stalker  
  73  9:32  Sentry, Stalker  
  76  9:40  Warp Prism  
  76  9:46  Stalker x2  
  82  9:53  Sentry  
  82  9:59  Sentry  
  84  10:10  Stalker  
  84  10:11  Stalker x2  
  90  10:21  Zealot, Stalker  
  94  10:35  Sentry  
  94  10:36  Zealot x3  

Tags
 
Add a new tag
Caveats
  • Supply blocks, unpowered buildings, or Contaminate may cause inaccurate times.
  • Supply counts are checked every 10 seconds.